 Dungeon Crawl Stone Soup version 0.30-a0-989-g0d87f670db (webtiles) character file.

Game seed: 13824421985258452583

3628 leviel the Cleaver (level 10, -6/81 HPs)
             Began as a Hill Orc Fighter on Apr 3, 2023.
             Was a Believer of the Shining One.
             Killed from afar by a gargoyle (22 damage)
             ... with a stone arrow
             ... on level 7 of the Dungeon.
             The game lasted 00:09:48 (6310 turns).

leviel the Cleaver (Hill Orc Fighter)               Turns: 6310, Time: 00:09:48

Health: -6/81      AC: 18    Str: 30    XL:     10   Next: 11%
Magic:  0/10       EV:  8    Int:  8    God:    the Shining One [**....]
Gold:   330        SH:  5    Dex: 10    Spells: 9/9 levels left

rFire   . . .      SeeInvis +    a - +0 war axe
rCold   . . .      Faith    .    c - +0 buckler
rNeg    + . .      Spirit   +    e - +0 plate armour
rPois   .          Reflect  .    s - +0 helmet
rElec   .          Rampage  .    (no cloak)
rCorr   .                        x - +0 pair of gloves
Will    .....                    i - +0 pair of boots Stlth
                                 o - amulet of guardian spirit
HPRegen 0.33/turn                u - ring of see invisible
MPRegen 0.12/turn                w - +6 ring of strength

@: glowing
A: claws 1, frail 1, sturdy frame 1
a: Renounce Religion, Divine Shield


You were on level 7 of the Dungeon.
You worshipped the Shining One.
The Shining One was pleased with you.
You visited 2 branches of the dungeon, and saw 8 of its levels.

You collected 330 gold pieces.

Inventory:

Hand Weapons
 a - a +0 war axe (weapon)
Missiles
 m - 2 throwing nets (quivered)
Armour
 c - a +0 buckler (worn)
 e - a +0 plate armour (worn)
 i - a +0 pair of boots (worn)
 s - a +0 helmet (worn)
 x - a +0 pair of gloves (worn)
Jewellery
 o - an amulet of guardian spirit (around neck)
 u - a ring of see invisible (left hand)
 w - a +6 ring of strength (right hand)
Wands
 b - a wand of polymorph (8)
 d - a wand of quicksilver (8)
 j - a wand of charming (4)
 n - a wand of roots (11)
 y - a wand of digging (5)
Scrolls
 h - a scroll of poison
 l - 5 scrolls of teleportation
 r - 9 scrolls of identify {@r1}
Potions
 p - a potion of curing
 q - a potion of flight


   Skills:
 + Level 9.3 Fighting
 + Level 9.7 Axes
 + Level 8.5 Armour
 + Level 8.4 Shields


You had 9 spell levels left.
You didn't know any spells.
Your spell library contained the following spells:

 Spells                   Type           Power      Damage    Failure   Level
 Freeze                   Ice            0%         1d3       95%         1
 Ensorcelled Hibernation  Hex/Ice        0%         N/A       99%         2
 Frozen Ramparts          Ice            0%         1d1       100%        3
 Gell's Gravitas          Tloc           0%         N/A       100%        3
 Hailstorm                Conj/Ice       0%         3d3       100%        3
 Spider Form              Tmut/Pois      0%         N/A       100%        3
 Teleport Other           Tloc           0%         N/A       100%        3
 Vhi's Electric Charge    Tloc/Air       0%         N/A       100%        3
 Anguish                  Hex/Necr       0%         N/A       100%        4
 Arcjolt                  Conj/Air       0%         1d10      100%        5
 Dispersal                Tloc           0%         N/A       100%        6
 Maxwell's Capacitive Co  Air            0%         ∞         100%        8


Dungeon Overview and Level Annotations

Branches:
Dungeon (7/15)             Temple (1/1) D:4

Altars:
Cheibriados
Elyvilon
Fedhas
Kikubaaqudgha
Nemelex Xobeh
Okawaru
Qazlal
Sif Muna
Trog
Uskayaw
Vehumet
Wu Jian
Yredelemnul
Zin
The Shining One

Shops:
D:5 :[   D:6 =

Annotations:
D:3 1 runed translucent door, Crazy Yiuf


Innate Abilities, Weirdness & Mutations

You have sharp fingernails.
You are frail. (-10% HP)
Your movements are slightly less encumbered by armour. (ER -2)


Message History

The gargoyle is severely damaged.
The gargoyle hurls a stone arrow at you.
The stone arrow hits you!
You hit the gargoyle but do no damage.
The gargoyle is severely damaged.
The gargoyle hurls a stone arrow at you.
The stone arrow hits you.
You hit the gargoyle but do no damage.
The gargoyle is severely damaged.
The gargoyle hits you with a +0 flail.
You hit the gargoyle.
The gargoyle is severely damaged.
The gargoyle hits you with a +0 flail!
You hit the gargoyle but do no damage.
The gargoyle is severely damaged.
An orc comes into view. It is wielding a +0 whip.
The gargoyle hurls a stone arrow at you.
The stone arrow misses you.
You hit the gargoyle but do no damage.
The gargoyle is severely damaged.
The gargoyle hurls a stone arrow at you.
The stone arrow hits you!
You hit the gargoyle.
The gargoyle is almost destroyed.
The gargoyle hurls a stone arrow at you.
The stone arrow hits you.
You hit the gargoyle but do no damage.
The gargoyle is almost destroyed.
The gargoyle hurls a stone arrow at you.
The stone arrow hits you!!
* * * LOW HITPOINT WARNING * * *
You hit the gargoyle but do no damage.
The gargoyle is almost destroyed.
The gargoyle hits you with a +0 flail!
* * * LOW HITPOINT WARNING * * *
You hit the gargoyle but do no damage.
The gargoyle is almost destroyed.
The gargoyle hurls a stone arrow at you.
The stone arrow hits you!!
You die...

##..)....#.#..♣♣.#♣♣o♣♣
♣. #.#.
.##.!...##.#♣..♣.#♣.~.♣#
♣♣ #.##
......####.#♣♣...#.~~~.
#.# ...#....#..# ♣♣..#
.~. .# ..###......#
♣.♣.# ♣.♣ ..# ####..!#
♣.♣♣###.### ..######[..#
♣.♣.#...?.#
....##.....#..♣..#.♣♣♣♣#
.#..##.....#....@9O..♣
##..###....#..♣..#o♣♣♣
#....#.....#.♣.♣.#.o.
...!.....#.###########
.......### .. .....#.#
... #....#.## ...
##..#...#### ..
#.†.......... .


You could see a two-headed ogre, an orc warrior, a gargoyle and an orc.

Vanquished Creatures
  A two-headed ogre (D:7)
  Pikel (D:5)
  Eustachio (D:6)
  A water moccasin (D:7)
  3 orc warriors
  2 sky beasts (D:7)
  A black bear (D:6)
  2 lemures (D:5)
  A phantom (D:5)
  2 kobold brigands (D:7)
  A gnoll sergeant (D:7)
  4 scorpions
  8 wights
  A howler monkey (D:6)
  A jelly (D:5)
  3 orc priests
  2 hounds (D:5)
  3 sleepcaps
  6 iguanas
  Ijyb (D:3)
  Terence (D:3)
  Natasha (thrice) (D:4)
  3 orc wizards
  4 gnolls (D:6)
  7 adders
  2 white imps
  2 ufetubi
  2 worms
  2 dart slugs
  16 orcs
  7 endoplasms
  6 giant cockroaches
  6 goblins
  12 hobgoblins
  8 kobolds
  6 quokkas
  3 ball pythons
  7 bats
  6 frilled lizards
  10 rats
158 creatures vanquished.

Notes
Turn   | Place    | Note
-------+----------+-------------------------------------------
     0 | D:1      | leviel the Hill Orc Fighter began the quest for the Orb.
     0 | D:1      | Reached XP level 1. HP: 19/19 MP: 1/1
    48 | D:1      | Reached XP level 2. HP: 27/27 MP: 2/2
   373 | D:1      | Reached XP level 3. HP: 33/33 MP: 3/3
   935 | D:2      | Reached XP level 4. HP: 34/40 MP: 4/4
  1432 | D:3      | Found a white marble altar of Elyvilon.
  1449 | D:3      | Noticed Ijyb
  1490 | D:3      | Killed Ijyb
  1491 | D:3      | Reached XP level 5. HP: 42/47 MP: 5/5
  1568 | D:3      | Noticed Terence
  1575 | D:3      | Killed Terence
  1845 | D:3      | Found a runed translucent door.
  1846 | D:3      | Noticed Crazy Yiuf
  2251 | D:4      | Noticed Natasha
  2257 | D:4      | Killed Natasha
  2258 | D:4      | Reached skill level 5 in Fighting
  2258 | D:4      | Reached XP level 6. HP: 52/56 MP: 4/6
  2330 | D:4      | Noticed Natasha
  2335 | D:4      | Killed Natasha
  2667 | D:4      | Found a staircase to the Ecumenical Temple.
  2687 | D:4      | Noticed Natasha
  2697 | D:4      | Killed Natasha
  2698 | D:4      | Reached skill level 5 in Axes
  2825 | Temple   | Entered the Ecumenical Temple
  2878 | Temple   | Became a worshipper of the Shining One
  2928 | D:5      | Entered Level 5 of the Dungeon
  2928 | D:5      | Found a glowing silver altar of Zin.
  2929 | D:5      | Found a sparkling altar of Nemelex Xobeh.
  2929 | D:5      | Found a stormy altar of Qazlal.
  2950 | D:5      | Reached skill level 5 in Armour
  2950 | D:5      | Reached skill level 5 in Shields
  2950 | D:5      | Reached XP level 7. HP: 29/61 MP: 5/7
  2950 | D:5      | Found a bloodstained altar of Trog.
  3195 | D:5      | Found Isetz's Self-Improvement Boutique.
  3622 | D:5      | Found a blossoming altar of Fedhas.
  3637 | D:5      | Noticed Pikel
  3647 | D:5      | Killed Pikel
  3648 | D:5      | Reached XP level 8. HP: 41/73 MP: 3/8
  3782 | D:5      | Found Jumettaosh's Armour Emporium.
  3836 | D:5      | Found an ornate altar of the Wu Jian Council.
  3888 | D:5      | Found an iron altar of Okawaru.
  4023 | D:6      | Reached * piety under the Shining One
  4070 | D:6      | Found Oniet's Jewellery Emporium.
  4113 | D:6      | Noticed Eustachio
  4138 | D:6      | HP: 1/69 [orc warrior/+0 glaive (16)]
  4139 | D:6      | Killed Eustachio
  4140 | D:6      | Reached XP level 9. HP: 2/79 MP: 0/9
  5757 | D:7      | Noticed a two-headed ogre
  5771 | D:7      | HP: 2/81 [gnoll sergeant/+0 spear (9)]
  5775 | D:7      | Killed a two-headed ogre
  5779 | D:7      | HP: 3/82 [bullfrog (6)]
  6030 | D:7      | Reached ** piety under the Shining One
  6045 | D:7      | Reached XP level 10. HP: 48/89 MP: 6/10
  6289 | D:7      | Noticed a gargoyle
  6297 | D:7      | Gained mutation: You have sharp fingernails. [potion of
                  | mutation]
  6297 | D:7      | Gained mutation: You are frail. (-10% HP) [potion of
                  | mutation]
  6297 | D:7      | Gained mutation: Your movements are slightly less
                  | encumbered by armour. (ER -2) [potion of mutation]
  6300 | D:7      | Noticed a two-headed ogre
  6310 | D:7      | Killed from afar by a gargoyle

Illustrated notes

Levels and vault maps discovered:
D:1:      psy_arrival_statuary, layout_basic
D:2:      layout_rooms, hangedman_abyss_or_decor_lesser_grid
D:3:      layout_loops_ring, general_overflow_altar, uniq_ijyb,
          uniq_crazy_yiuf_cottage, uniq_terence
D:4:      layout_basic, minmay_temple_entry_poolview, uniq_natasha
D:5:      layout_cave_pools, mainiacjoe_overflow_alcove_2,
          grunt_temple_overflow_open, mainiacjoe_overflow_six_doors_small,
          mainiacjoe_overflow_alcove_1, serial_shops, nicolae_lakefront_shop,
          nicolae_shop_self_help, uniq_pikel
D:6:      layout_layer_cave, serial_shops, nicolae_shop_waterfront,
          grunt_decor_cap, uniq_eustachio
D:7:      nzn_winding_woodlands_medium [nzn_winding_woodlands_5x5_checkerboard,
          nzn_winding_woodlands_5x15_pockets, nzn_winding_woodlands_hourglass,
          nzn_winding_woodlands_5x5_perimeter,
          nzn_winding_woodlands_center_triple_pond,
          nzn_winding_woodlands_5x5_three, nzn_winding_woodlands_5x5_default,
          nzn_winding_woodlands_5x15_twine,
          nzn_winding_woodlands_5x5_closed_star], layout_cave_pools,
          nicolae_overflow_crystal_walls, serial_shops,
          nicolae_shop_behind_doors, eino_jars
Temple:   hellmonk_temple_of_storms

Skill      XL: |  1  2  3  4  5  6  7  8  9 |
---------------+----------------------------+-----
Axes           | 3 4 5 7 9 |  9.7
Fighting       | 4 5 7 9 |  9.3
Armour         | 4 5 6 8 |  8.5
Shields        | 4 5 6 8 |  8.4

Action                     |  1- 3 |  4- 6 |  7- 9 | 10-12 || total
---------------------------+-------+-------+-------+-------++-------
  Melee: War axe           |    99 |   146 |   180 |    27 ||   452
 Invoke: Divine Shield     |       |       |     1 |       ||     1
    Use: Scroll            |     2 |       |    10 |       ||    12
         Potion            |       |       |    13 |     1 ||    14
 Armour: Scale mail        |    40 |    53 |    45 |       ||   138
         Plate armour      |       |       |    53 |    13 ||    66
  Dodge: Dodged            |    49 |    73 |    86 |     6 ||   214
  Block: Buckler           |    23 |    27 |    56 |     2 ||   108

Table legend: (Time is in decaauts)
 A = Elapsed time spent in this place.
 B = Non-inter-level travel time spent in this place.
 C = Inter-level travel time spent in this place.
 D = Time resting spent in this place.
 E = Time spent auto-exploring this place.
 F = Levels seen in this place.
 G = Mean time per level.
                   A        B        C        D        E       F      G
               +--------+--------+--------+--------+--------+-----+--------+
         Total |   6426 |   6119 |    307 |   1065 |   3967 |   8 |  803.2 |
       Dungeon |   6352 |   6082 |    270 |   1065 |   3939 |   7 |  907.4 |
        Temple |     74 |     37 |     37 |      0 |     28 |   1 |   74.0 |
               +--------+--------+--------+--------+--------+-----+--------+

Top non-repeatable levels by time:
     D:6: 1670 daAuts
     D:5: 1078 daAuts
     D:4: 930 daAuts
     D:1: 834 daAuts
     D:3: 688 daAuts
     D:7: 667 daAuts
     D:2: 481 daAuts
  Temple: 74 daAuts
